 Dungeon Crawl Stone Soup version 0.30.1-9-gdf580d7c3d (webtiles) character file.

Game seed: 11387639471541265048

45 Ivernyr the Cudgeller (level 3, -4/37 HPs)
             Began as an Ogre Gladiator on Sept 28, 2023.
             Slain by Sigmund
             ... wielding a +4 scythe of freezing
              (9 damage)
             ... on level 2 of the Dungeon.
             The game lasted 00:01:38 (1460 turns).

Ivernyr the Cudgeller (Ogre Gladiator)              Turns: 1460, Time: 00:01:38

Health: -4/37      AC:  3    Str: 20    XL:     3   Next: 64%
Magic:  3/3        EV: 10    Int:  9    God:
Gold:   91         SH:  0    Dex: 10    Spells: 2/2 levels left

rFire   . . .        a - +0 flail
rCold   . . .        (no shield)
rNeg    . . .        b - +0 robe
rPois   .            c - +0 hat
rElec   .            (no cloak)
rCorr   .            (gloves unavailable)
SInv    .            (boots unavailable)
Will    .....        (no amulet)
Stlth   +            (no ring)
HPRegen 0.26/turn    (no ring)
MPRegen 0.08/turn

%: no passive effects
@: no status effects
A: large, unfitting armour, tough skin 1
a: no special abilities


You were on level 2 of the Dungeon.
You visited 1 branch of the dungeon, and saw 2 of its levels.

You collected 91 gold pieces.

Inventory:

Hand Weapons
 a - a +0 flail (weapon)
Missiles
 d - 3 throwing nets (quivered)
 e - a large rock
Armour
 b - a +0 robe (worn)
 c - a +0 hat (worn)
Scrolls
 j - 4 scrolls of noise {unknown}
 k - a scroll of enchant weapon {unknown}
Potions
 f - a potion of brilliance {unknown}
 g - 4 potions of heal wounds {unknown}
 h - a potion of lignification {unknown}
 i - a potion of attraction {unknown}
 l - a potion of haste {unknown}
 m - a potion of flight {unknown}


   Skills:
 + Level 3.4 Fighting
 * Level 3.5 Maces & Flails
 - Level 2.0 Throwing
 + Level 3.1 Dodging


You had 2 spell levels left.
You didn't know any spells.
Your spell library was empty.

Dungeon Overview and Level Annotations

Branches:
Dungeon (2/15)

Altars:

Annotations:
D:2 Sigmund


Innate Abilities, Weirdness & Mutations

You are too large for most types of armour.
You have tough skin. (AC +1)


Message History

Sigmund freezes you.
You hit Sigmund.
Sigmund is lightly wounded.
You hit Sigmund.
Sigmund is lightly wounded.
Sigmund casts a spell at you. The magic dart hits you!
Sigmund hits you with a +4 scythe of freezing!
Sigmund freezes you.
You sock Sigmund!
Sigmund is heavily wounded.
You closely miss Sigmund.
Sigmund is heavily wounded.
Sigmund closely misses you.
You closely miss Sigmund.
Sigmund is heavily wounded.
Sigmund barely misses you.
You hit Sigmund.
Sigmund is severely wounded.
Sigmund drinks a potion.
Sigmund is healed!
You closely miss Sigmund.
Sigmund is heavily wounded.
Sigmund hits you with a +4 scythe of freezing.
Sigmund freezes you.
You barely miss Sigmund.
Sigmund is heavily wounded.
Sigmund barely misses you.
You hit Sigmund.
Sigmund is heavily wounded.
Sigmund hits you with a +4 scythe of freezing!
* * * LOW HITPOINT WARNING * * *
Sigmund freezes you.
* * * LOW HITPOINT WARNING * * *
You barely miss Sigmund.
Sigmund is heavily wounded.
You barely miss Sigmund.
Sigmund is heavily wounded.
Sigmund says, "I'm your fate."
Sigmund hits you with a +4 scythe of freezing!
You die...

.#.##.##
.#.#...######..#
.#...#.........#
.#.#...######..#
.#.##.## #..#
.#.##.#######..# ###
.#..........#..# ...##
.#.#####.##.#..###.....#
.#.# #.##.....@.>.....
.#.## #.....#.##@<.....
....#########..# .......
..#............# #.....#
#...#########.## #..[##
##............# ####
##############


You could see Sigmund.

Vanquished Creatures
  2 adders (D:2)
  2 bats
  2 endoplasms (D:1)
  A giant cockroach (D:2)
  4 hobgoblins
  2 kobolds (D:1)
  4 ball pythons
  A frilled lizard (D:1)
  3 goblins
  5 rats
26 creatures vanquished.

Notes
Turn   | Place    | Note
-------+----------+-------------------------------------------
     0 | D:1      | Ivernyr the Ogre Gladiator began the quest for the Orb.
     0 | D:1      | Reached XP level 1. HP: 22/22 MP: 1/1
   240 | D:1      | Reached XP level 2. HP: 22/31 MP: 2/2
  1175 | D:2      | Reached XP level 3. HP: 19/37 MP: 3/3
  1446 | D:2      | Noticed Sigmund
  1460 | D:2      | Slain by Sigmund

Illustrated notes

Levels and vault maps discovered:
D:1:      dpeg_arrival_chambers_temple_mockup, layout_loops_ring,
          serial_co_window_serial, co_window_corner_a, co_window_paths_a,
          co_window_paths_b, co_window_paths_a, co_window_paths_a,
          co_window_paths_a, co_window_corner_a, co_window_paths_c,
          co_window_broadway_a, co_window_of_opportunity_b, co_window_cross_3,
          co_window_4corner_b, glass_columns_b
D:2:      layout_loops_ring, serial_shops, nicolae_shop_tiny_real_fake_doors,
          kennysheep_generic_room_10, uniq_sigmund

Skill      XL: |  1  2 |
---------------+-------+-----
Fighting       | 3 |  3.4
Maces & Flails | 3 |  3.5
Dodging        | 3 |  3.1
Throwing       | |  2.0

Action                     || total
---------------------------++-------
  Melee: Flail             ||    78
   Stab: Sleeping          ||     2
         Distracted        ||     1
 Armour: Robe              ||    16
  Dodge: Dodged            ||    51
